 Dungeon Crawl Stone Soup version 0.29.1-2-gbd0b4ee654 (webtiles) character file.

Game seed: 9468284254566328094

602 Firos the Insei (level 7, -2/75 HPs)
             Began as an Octopode Transmuter on Nov 8, 2022.
             Was an Initiate of Cheibriados.
             Slain by a centaur (3 damage)
             ... on level 5 of the Dungeon.
             The game lasted 00:09:51 (5454 turns).

Firos the Insei (Octopode Transmuter)               Turns: 5454, Time: 00:09:52

Health: -2/75      AC:  2    Str:  8    XL:     7   Next: 41%
Magic:  10/12      EV: 21    Int: 18    God:    Cheibriados [......]
Gold:   198        SH:  0    Dex: 19    Spells: 7/13 levels left

rFire   + . .      SeeInvis .     - Unarmed
rCold   . . .      Faith    .   (shield currently unavailable)
rNeg    . . .      Spirit   .   (helmet currently unavailable)
rPois   x          Reflect  .   (no amulet)
rElec   .          Harm     .   b - ring of protection from fire
rCorr   .          Rampage  .   (no ring)
Will    .....                   (no ring)
Stlth   ..........              (no ring)
HPRegen 0.22/turn               (no ring)
MPRegen 0.13/turn               (no ring)
                                (no ring)
                                (no ring)

@: berserking, spider-form (expiring), very slow
A: venomous fangs, almost no armour, (amphibious), 8 rings, tiny, (camouflage
1), (gelatinous body 1), (nimble swimmer 1), (tentacles), robust 1, weak 1,
subdued magic 1
a: End Transformation, Renounce Religion


You were on level 5 of the Dungeon.
You worshipped Cheibriados.
Cheibriados was noncommittal.
You were a venomous arachnid creature.
You visited 1 branch of the dungeon, and saw 5 of its levels.
You also visited: Sewer.

You collected 198 gold pieces.

Inventory:

Jewellery
 b - a ring of protection from fire (left front leg)
 m - a ring of flight
Wands
 o - a wand of paralysis (11)
 x - a wand of roots (14)
Scrolls
 c - a scroll of poison
 e - 3 scrolls of fear
 g - 3 scrolls of teleportation
 h - a scroll of vulnerability
Potions
 a - 2 potions of lignification
 d - 3 potions of curing
 f - 2 potions of berserk rage
 j - a potion of attraction
 l - 3 potions of heal wounds
 s - a potion of brilliance
 u - 2 potions of haste
 v - a potion of might {unknown}
 w - a potion of magic {unknown}
 z - a potion of degeneration {unknown}


   Skills:
 + Level 3.4 Fighting
 + Level 4.0 Dodging
 + Level 4.5 Unarmed Combat
 + Level 3.6 Spellcasting
 + Level 3.9 Transmutations


You had 7 spell levels left.
You knew the following spells:

 Your Spells              Type           Power      Damage    Failure   Level
a - Beastly Appendage     Tmut           26%        N/A       9%          1
b - Wereblood             Tmut           13%        N/A       12%         2
c - Spider Form           Tmut/Pois      7%         N/A       36%         3

Your spell library contained the following spells:

 Spells                   Type           Power      Damage    Failure   Level
 Ice Form                 Ice/Tmut       7%         N/A       73%         4


Dungeon Overview and Level Annotations

Branches:
Dungeon (5/15)              Sewer (visited)
 Temple: D:4-7

Altars:
Cheibriados
Wu Jian

Annotations:
D:5 Duvessa


Innate Abilities, Weirdness & Mutations

You are a venomous arachnid creature.
You have poisonous fangs.
You are tiny and dextrous.
Your spellcasting is less reliable in this form.
Your armour is entirely melded.
You are incapable of wielding weapons or throwing items.
You cannot wear most types of armour.
((You are amphibious.))
You can wear up to eight rings at the same time.
((Your skin changes colour to match your surroundings (Stealth+).))
((Your rubbery body absorbs attacks. (AC +1, EV +1)))
((You are camouflaged when in or above water. (Stealth+)))
((You have tentacles for arms and can constrict up to eight enemies at once.))
You are robust. (+10% HP)
You are weak. (Str -2)
Your spells are a little easier to cast, but a little less powerful.


Message History

You hit Dowan.
Dowan is moderately wounded.
Duvessa closely misses you.
Dowan casts a spell at Duvessa.
Duvessa seems to speed up.
You hit Dowan.
Dowan is poisoned.
Dowan is heavily wounded.
Duvessa hits you with a +0 short sword. Dowan casts a spell at you.
The puff of flame hits you. You resist.
Really quaff the potion of lignification?
Okay, then.
A red film seems to cover your vision as you go berserk!
Cheibriados forces you to slow down.
You feel mighty!
Duvessa gestures with her weapon.
Duvessa hits you with a +0 short sword.
A centaur comes into view.
Duvessa barely misses you. Dowan barely misses you.
You bite Dowan!
Dowan looks as sick as possible!
Dowan is almost dead.
You kill Dowan!
Cheibriados thoroughly appreciates the change of pace.
Duvessa screams in rage.
Duvessa goes berserk!
The centaur wields a +0 shortbow.
The centaur shoots an arrow.
The arrow hits you!
* * * LOW HITPOINT WARNING * * *
Duvessa hits you with a +0 short sword!
* * * LOW HITPOINT WARNING * * *
Your Dodging skill increases to level 4!
Unknown command.
You bite Duvessa!
Duvessa is heavily wounded.
Duvessa closely misses you.
The centaur unwields a +0 shortbow.
The centaur barely misses you. The centaur kicks you.
* * * LOW HITPOINT WARNING * * *
Duvessa hits you with a +0 short sword!
* * * LOW HITPOINT WARNING * * *
The centaur barely misses you. The centaur kicks you.
You die...

# ####
##
#.#...
.. .....
.## #.c.
..#
#..c#..#
#..es..#
######.#
.. .# #


You could see Duvessa (berserk, fast, very poisoned) and 2 centaurs.

Vanquished Creatures
  A black bear (D:4)
  2 kobold brigands (Sewer)
  A scorpion (D:4)
  Dowan (D:5)
  Ijyb (D:3)
  Crazy Yiuf (D:4)
  Natasha (thrice) (D:2)
  4 adders
  A river rat (Sewer)
  6 worms
  A dart slug (D:2)
  3 orcs (D:3)
  2 endoplasms
  5 giant cockroaches
  3 hobgoblins
  12 kobolds
  5 quokkas (D:3)
  4 ball pythons
  6 bats
  4 frilled lizards
  9 goblins
  6 rats
81 creatures vanquished.

Notes
Turn   | Place    | Note
-------+----------+-------------------------------------------
     0 | D:1      | Firos the Octopode Transmuter began the quest for the Orb.
     0 | D:1      | Reached XP level 1. HP: 13/13 MP: 3/3
    99 | D:1      | Found a faded altar of an unknown god.
   347 | D:1      | Reached XP level 2. HP: 18/18 MP: 3/5
   358 | D:1      | Learned a level 2 spell: Wereblood
   854 | D:2      | Noticed Natasha
   859 | D:2      | Killed Natasha
   860 | D:2      | Reached XP level 3. HP: 16/23 MP: 4/6
   864 | D:2      | Learned a level 3 spell: Spider Form
  1040 | D:2      | Noticed Natasha
  1046 | D:2      | Killed Natasha
  1047 | D:2      | Reached XP level 4. HP: 18/29 MP: 5/7
  1162 | D:2      | Found an ornate altar of the Wu Jian Council.
  1641 | D:2      | Noticed Natasha
  1654 | D:2      | Killed Natasha
  1998 | D:2      | Reached XP level 5. HP: 34/34 MP: 5/9
  2389 | D:3      | Found a glowing drain.
  2406 | Sewer    | Entered a sewer
  2849 | Sewer    | Noticed a kobold brigand
  2849 | Sewer    | Noticed a kobold brigand
  2862 | Sewer    | Killed a kobold brigand
  2863 | Sewer    | Reached XP level 6. HP: 33/41 MP: 7/10
  3424 | D:3      | Gained mutation: One of your tentacles bears a spike.
                  | [potion of mutation]
  3424 | D:3      | Gained mutation: Your spells are a little harder to cast,
                  | but a little more powerful. [potion of mutation]
  3424 | D:3      | Gained mutation: You expend magic power (3 MP) to
                  | strengthen your wands. [potion of mutation]
  3425 | D:3      | Lost mutation: You expend magic power (3 MP) to strengthen
                  | your wands. [potion of mutation]
  3425 | D:3      | Lost mutation: One of your tentacles bears a spike. [potion
                  | of mutation]
  3425 | D:3      | Lost mutation: Your spells are a little harder to cast, but
                  | a little more powerful. [potion of mutation]
  3425 | D:3      | Gained mutation: You are weak. (Str -2) [potion of
                  | mutation]
  3426 | D:3      | Lost mutation: You are weak. (Str -2) [potion of mutation]
  3426 | D:3      | Gained mutation: Your spells are a little easier to cast,
                  | but a little less powerful. [potion of mutation]
  3426 | D:3      | Gained mutation: Your muscles are strong. (Str +4, Int/Dex
                  | -1) [potion of mutation]
  3426 | D:3      | Gained mutation: One of your tentacles bears a spike.
                  | [potion of mutation]
  3564 | D:3      | Lost mutation: One of your tentacles bears a spike. [potion
                  | of mutation]
  3564 | D:3      | Lost mutation: Your muscles are strong. (Str +4, Int/Dex
                  | -1) [potion of mutation]
  3564 | D:3      | Gained mutation: You are weak. (Str -2) [potion of
                  | mutation]
  3564 | D:3      | Gained mutation: You are robust. (+10% HP) [potion of
                  | mutation]
  3746 | D:3      | Noticed Ijyb
  3763 | D:3      | Paralysed by Ijyb for 3 turns
  3767 | D:3      | Killed Ijyb
  4309 | D:4      | Found a snail-covered altar of Cheibriados.
  4316 | D:4      | Became a worshipper of Cheibriados the Contemplative
  4324 | D:4      | Reached XP level 7. HP: 43/50 MP: 7/12
  4877 | D:4      | Found a runed translucent door.
  4878 | D:4      | Noticed Crazy Yiuf
  5274 | D:4      | Killed Crazy Yiuf
  5441 | D:5      | Entered Level 5 of the Dungeon
  5441 | D:5      | Noticed Duvessa
  5441 | D:5      | Noticed Dowan
  5453 | D:5      | Killed Dowan
  5454 | D:5      | HP: 1/75 [Duvessa/+0 short sword (9)]
  5454 | D:5      | Slain by a centaur

Illustrated notes

Levels and vault maps discovered:
D:1:      psy_arrival_radial02, layout_basic, hellmonk_ecumenical_altar_run_dry,
          chequers_jeans, hex_large
D:2:      layout_basic, basic_altar, uniq_natasha
D:3:      layout_loops_ring, gup_sewer_entry_pipe, minmay_misc_feat_alley,
          uniq_ijyb
D:4:      layout_loops_ring, mainiacjoe_overflow_boulevard,
          uniq_crazy_yiuf_cottage
D:5:      layout_basic, uniq_duvessa

Skill      XL: |  1  2  3  4  5  6  7 |
---------------+----------------------+-----
Fighting       | 2 3 |  3.4
Dodging        | 3 4 |  4.0
Spellcasting   | 3 |  3.6
Transmutations | 3 |  3.9
Unarmed Combat | 4 |  4.5

Action                   |  1- 3 |  4- 6 |  7- 9 || total
-------------------------+-------+-------+-------++-------
Melee: Unarmed           |    40 |   194 |    24 ||   258
       Tentacles         |    14 |    15 |     2 ||    31
       Constrict         |    12 |    15 |     2 ||    29
       Kick              |     4 |     2 |       ||     6
       Punch             |     1 |     2 |       ||     3
 Cast: Beastly Appendage |     3 |     2 |       ||     5
       Spider Form       |       |    15 |     3 ||    18
  Use: Scroll            |       |     5 |    12 ||    17
       Potion            |       |     4 |     1 ||     5
 Stab: Sleeping          |     6 |    10 |     2 ||    18
Armor: Skin              |     2 |     7 |     3 ||    12
Dodge: Dodged            |    22 |   130 |    21 ||   173
